 Dungeon Crawl Stone Soup version 0.28-a0-909-g796cbd3a86 (webtiles) character file.

Game seed: 832600868430992662

24745 MisterOstroum the Grappler (level 12, 0/189 HPs)
             Began as a Troll Cinder Acolyte on Nov 24, 2021.
             Was a Follower of Cheibriados.
             Slain by a nine-headed hydra (7 damage)
             ... on level 6 of the Lair of Beasts on Nov 25, 2021.
             The game lasted 00:31:37 (12076 turns).

MisterOstroum the Grappler (Troll Cinder Acolyte)  Turns: 12076, Time: 00:31:38

Health: 0/189      AC: 26    Str: 36    XL:     12   Next: 83%
Magic:  12/12      EV:  1    Int: 12    God:    Cheibriados [*.....]
Gold:   900        SH:  8    Dex:  8    Spells: 3/13 levels left

rFire   . . .      SeeInvis .   c - +0 dagger (elec)
rCold   . . .      Faith    .   D - +0 kite shield
rNeg    . . .      Spirit   .   (armour currently unavailable)
rPois   +          Reflect  .   (helmet currently unavailable)
rElec   .          Harm     .   (cloak currently unavailable)
rCorr   .          Rampage  .   (gloves unavailable)
Will    .....      NoTele   +   (boots unavailable)
Stlth   +.........              (no amulet)
HPRegen 1.41/turn               L - +4 ring of slaying
MPRegen 0.13/turn               G - +6 ring of strength

@: tree-form, fire susceptible, very slow
A: stationary, stasis, torment immunity, boosted hp, large, unfitting armour,
(claws 3), regeneration 1, (shaggy fur 1), (tough skin 1)
a: Renounce Religion, Bend Time


You were on level 6 of the Lair of Beasts.
You worshipped Cheibriados.
Cheibriados was aware of your devotion.
You were a tree.
You visited 3 branches of the dungeon, and saw 16 of its levels.

You collected 900 gold pieces.

Inventory:

Hand Weapons
 b - a +0 hunting sling
 c - a +0 dagger of electrocution (weapon)
Missiles
 f - 385 stones
 g - 238 arrows
 i - 61 poisoned darts
 j - 50 sling bullets
 n - 48 bolts
 u - 7 boomerangs (quivered)
 x - a throwing net {!f}
 J - 2 curare-tipped darts
 T - 4 javelins
Armour
 z - +0 steam dragon scales
 D - a +0 kite shield (worn)
 E - a +0 cloak (melded)
 O - +0 swamp dragon scales (melded)
Jewellery
 a - a ring of ice
 m - a +4 ring of evasion
 G - a +6 ring of strength (right branch)
 K - a +4 ring of evasion
 L - a +4 ring of slaying (left branch)
 R - a +4 ring of protection
Wands
 r - a wand of paralysis (4)
 F - a wand of digging (6)
 H - a wand of mindburst (17)
Scrolls
 d - a scroll of fog {unknown}
 h - 6 scrolls of teleportation {@r3 !r}
 l - a scroll of immolation
 o - a scroll of enchant weapon {unknown}
 t - a scroll of blinking {unknown}
 w - a scroll of magic mapping {@r5 !r}
 y - a scroll of noise {unknown}
 A - 2 scrolls of vulnerability
 I - a scroll of fear {unknown}
 N - a scroll of enchant armour {unknown}
 P - a scroll of holy word {unknown}
 S - a scroll of amnesia {unknown}
Potions
 e - 3 potions of mutation
 k - a potion of berserk rage {unknown}
 q - 2 potions of flight
 v - 4 potions of curing {@q1 !q}
 B - a potion of invisibility {unknown}
 C - a potion of attraction {unknown}
 U - a potion of resistance {unknown}
Miscellaneous
 Q - a piece from Xom's chessboard (14/15)


   Skills:
 - Level 10.0 Fighting
 + Level 6.7 Throwing
 + Level 4.9 Dodging
 + Level 5.3 Shields
 * Level 11.7 Unarmed Combat
 - Level 1.0 Spellcasting
 - Level 4.1 Transmutations
 - Level 2.1 Fire Magic
 - Level 6.0 Evocations


You had 3 spell levels left.
You knew the following spells:

 Your Spells              Type           Power      Damage    Failure   Level
a - Beastly Appendage     Tmut           20%        N/A       12%         1
b - Scorch                Fire           10%        2d6       36%         2
c - Wereblood             Tmut           10%        N/A       17%         2
d - Lee's Rapid Deconstr  Erth           0%         3d5*      100%        5

Your spell library contained the following spells:

 Spells                   Type           Power      Damage    Failure   Level
 Animate Skeleton         Necr           0%         N/A       54%         1
 Magic Dart               Conj           0%         1d3       54%         1
 Pain                     Necr           0%         1d4       54%         1
 Ignite Poison            Fire/Tmut/Pois 5%         N/A       63%         3
 Spider Form              Tmut/Pois      5%         N/A       63%         3
 Searing Ray              Conj           0%         2d4       67%         2
 Conjure Flame            Conj/Fire      3%         6-21      77%         3
 Frozen Ramparts          Ice            0%         1d2       88%         3
 Tukima's Dance           Hex            0%         N/A       88%         3
 Vampiric Draining        Necr           0%         2d6       88%         3
 Ice Form                 Ice/Tmut       5%         N/A       95%         4
 Fulminant Prism          Conj/Hex       0%         3d6       99%         4
 Leda's Liquefaction      Hex/Erth       0%         N/A       99%         4
 Passage of Golubria      Tloc           0%         N/A       99%         4
 Sticky Flame             Conj/Fire      3%         2d3       99%         4
 Summon Ice Beast         Ice/Summ       0%         N/A       99%         4
 Yara's Violent Unravell  Hex/Tmut       2%         3d3       100%        5
 Statue Form              Tmut/Erth      3%         N/A       100%        6


Dungeon Overview and Level Annotations

Branches:
Dungeon (9/15)             Temple (1/1) D:5            Lair (6/6) D:8
  Swamp (0/4) Lair:2        Snake (0/4) Lair:4
  Slime: Lair:5-6       Orc: D:9-12

Altars:
Ashenzari
Cheibriados
Dithmenos
Makhleb
Okawaru
Qazlal
Sif Muna
Trog
Uskayaw
Vehumet
Wu Jian
Yredelemnul
Zin
The Shining One
Beogh

Shops:
D:7 (   D:8 :

Annotations:
Lair:3 exclusion: oklob plant


Innate Abilities, Weirdness & Mutations

You are a tree.
Your roots penetrate the ground, keeping you stationary.
You cannot be teleported.
You are immune to unholy pain and torment.
Your maximum health is greatly increased.
Your equipment is partially melded.
You are too large for most types of armour.
((You have claws for hands.))
Your natural rate of healing is unusually fast.
((You are covered in fur. (AC +1)))
((You have tough skin. (AC +1)))


Message History

Press: ? - help, Q - select action, (/) - cycle Shift-Dir - straight line, f/p - seven-headed hydra
Aim: a seven-headed hydra (severely wounded, 82% to hit)
You throw a boomerang.
The boomerang hits the seven-headed hydra!
The seven-headed hydra is almost dead.
The seven-headed hydra closely misses you.
The seven-headed hydra bites you. The seven-headed hydra bites you!
You block the seven-headed hydra's attack.
The seven-headed hydra completely misses you.
The seven-headed hydra barely misses you.
The seven-headed hydra bites you but does no damage.
Throw: 7 boomerangs
Press: ? - help, Q - select action, (/) - cycle Shift-Dir - straight line, f/p - seven-headed hydra
Aim: a seven-headed hydra (almost dead, 82% to hit)
You throw a boomerang.
The boomerang hits the seven-headed hydra!!
You kill the seven-headed hydra!
Cheibriados appreciates the change of pace.
Training target 10.0 for Fighting reached!
Your Fighting skill increases to level 10!
There is a stone staircase leading up here.
You start resting.
HP restored.
You climb upwards.
The komodo dragon hisses angrily. x2; The death yak bellows! x5
You hear a bleat!
You hear a croak.
Found a stone staircase leading down.
There is a stone staircase leading down here.
You climb downwards.
There is a stone staircase leading up here.
Really walk into a travel-excluded area? [Y]es or [N]o only, please.
Really walk into a travel-excluded area?
Okay, then.
The eight-headed hydra roars!
Throw: 7 boomerangs
Press: ? - help, Q - select action, (/) - cycle Shift-Dir - straight line, f - eight-headed hydra
Aim: an eight-headed hydra (83% to hit)
Your line of fire to the eight-headed hydra is blocked by a fungus.
Continue anyway?
Okay, then.
Throw: 7 boomerangs
Press: ? - help, Q - select action, (/) - cycle Shift-Dir - straight line, f/p - eight-headed hydra
Aim: an eight-headed hydra (83% to hit)
You throw a boomerang.
The boomerang hits the eight-headed hydra!
The eight-headed hydra is lightly wounded.
You claw one of the eight-headed hydra's heads off!
The seven-headed hydra grows two more!
You mangle the nine-headed hydra!!
The nine-headed hydra is heavily wounded.
Unknown command.
Okay, then.
You hear the crackle of electricity.
c - a +0 dagger of electrocution (weapon)
The nine-headed hydra bites you but does no damage. x2
The nine-headed hydra bites you! The nine-headed hydra bites you.
You block the nine-headed hydra's attack.
The nine-headed hydra bites you! The nine-headed hydra bites you.
The nine-headed hydra bites you but does no damage.
The nine-headed hydra barely misses you.
You puncture the nine-headed hydra!
The nine-headed hydra is heavily wounded.
The nine-headed hydra closely misses you.
The nine-headed hydra bites you but does no damage.
The nine-headed hydra bites you.
You block the nine-headed hydra's attack.
The nine-headed hydra bites you but does no damage.
The nine-headed hydra barely misses you.
The nine-headed hydra bites you!
The nine-headed hydra closely misses you.
The nine-headed hydra bites you but does no damage.
The five-headed hydra roars!
You hit the nine-headed hydra.
Lightning courses through the nine-headed hydra!
The nine-headed hydra is severely wounded.
The nine-headed hydra bites you. The nine-headed hydra bites you!
The nine-headed hydra bites you but does no damage.
The nine-headed hydra bites you! x2; The nine-headed hydra bites you.
The nine-headed hydra barely misses you.
The nine-headed hydra bites you. The nine-headed hydra bites you!
* * * LOW HITPOINT WARNING * * *
You puncture the nine-headed hydra!
The nine-headed hydra is severely wounded.
The nine-headed hydra bites you but does no damage.
The nine-headed hydra bites you.
* * * LOW HITPOINT WARNING * * *
You block the nine-headed hydra's attack. x2
The nine-headed hydra barely misses you.
The nine-headed hydra bites you!
* * * LOW HITPOINT WARNING * * *
The nine-headed hydra bites you!
* * * LOW HITPOINT WARNING * * *
You block the nine-headed hydra's attack.
The nine-headed hydra bites you!
* * * LOW HITPOINT WARNING * * *
Unknown command.
Really quaff the potion of lignification?
You turn into a tree.
Your +0 cloak melds into your body.
Your +0 swamp dragon scales melds into your body.
Your roots penetrate the ground.
The nine-headed hydra bites you!
You die...

.......................,,...P..##
........................,........
...........(............,[.......
..............?.........,........
....................D...,........
...)....................,........
.....<..................,.#.#...P
........................,..,####.
................♣.......,.,,***#.
...........P...#D.......*,,,,**.(
..###...##..≈...P.....##***,,,,#.
#.,*##......≈≈.........# *,*,,,,,
#***#......≈≈≈≈....≈≈..# **,,,,,,
###.....≈≈≈≈...≈≈≈[P# *,,*,,,
#.......≈≈≈≈≈...≈...# **,,,,,
##P.....≈≈≈≈≈.......# ***,,,
#......≈≈≈≈≈≈.....### *,,,,


You could see a nine-headed hydra and a five-headed hydra.

Vanquished Creatures
  2 hydras
  3 death yaks (Lair:3)
  Urug (Lair:3)
  A bog body (Lair:2)
  6 elephants (Lair:3)
  Maurice (D:9)
  3 black mambas
  An unseen horror (D:9)
  4 cane toads
  Maggie (Lair:2)
  4 komodo dragons
  3 rime drakes
  A hornet (Lair:2)
  A polar bear (Lair:4)
  6 blink frogs
  A meliai zombie (D:6)
  30 yaks
  Sigmund (D:6)
  A spriggan (Lair:3)
  4 wyverns
  2 steam dragons (D:8)
  2 nagas (Lair:4)
  2 swamp worms (Lair:2)
  5 water moccasins
  6 orc warriors
  2 black bears
  2 ogres
  3 necrophages
  4 wolves
  4 centaurs
  2 kobold brigands
  7 bullfrogs
  A wyvern zombie (D:7)
  A gnoll sergeant (D:9)
  5 scorpions
  A water moccasin skeleton (D:5)
  38 killer bees
  4 wights (D:8)
  An electric eel (Lair:2)
  2 lava snakes (D:8)
  A centaur zombie (D:8)
  A jelly (D:8)
  A centaur skeleton (D:7)
  3 hounds
  4 orc priests
  A bullfrog skeleton (D:6)
  9 orc wizards
  4 hell rats (Lair:4)
  A hound zombie (D:5)
  A hound skeleton (D:5)
  A howler monkey zombie (D:9)
  11 gnolls
  A howler monkey skeleton (D:4)
  8 adders
  2 shadow imps
  4 worms
  2 dart slugs
  33 orcs
  4 bats
  3 endoplasms
  2 giant cockroaches
  6 goblins
  7 hobgoblins
  4 jackals
  12 kobolds
  3 quokkas
  3 training dummies (D:7)
  5 ball pythons
  8 frilled lizards
  10 rats
324 creatures vanquished.

Vanquished Creatures (others)
  90 foxfires
  29 fungi
  22 plants
141 creatures vanquished.

Grand Total: 465 creatures vanquished

Notes
Turn   | Place    | Note
-------+----------+-------------------------------------------
     0 | D:1      | MisterOstroum the Troll Cinder Acolyte began the quest for
                  | the Orb.
     0 | D:1      | Reached XP level 1. HP: 22/22 MP: 1/1
    80 | D:1      | Reached XP level 2. HP: 27/29 MP: 2/2
   508 | D:2      | Reached XP level 3. HP: 37/37 MP: 3/3
   661 | D:2      | Reached XP level 4. HP: 7/45 MP: 4/4
  1626 | D:3      | Reached skill level 4 in Unarmed Combat
  2005 | D:3      | Reached XP level 5. HP: 50/54 MP: 5/5
  2052 | D:3      | Reached skill level 1 in Throwing
  2205 | D:4      | Learned a level 1 spell: Beastly Appendage
  2208 | D:4      | Learned a level 2 spell: Scorch
  2211 | D:4      | Learned a level 2 spell: Wereblood
  2516 | D:4      | Noticed a centaur
  2530 | D:4      | Killed a centaur
  2531 | D:4      | Reached XP level 6. HP: 32/63 MP: 6/6
  2786 | D:5      | Entered Level 5 of the Dungeon
  2810 | D:5      | Reached skill level 5 in Unarmed Combat
  2843 | D:5      | Reached skill level 1 in Transmutations
  3042 | D:5      | Reached XP level 7. HP: 47/71 MP: 7/7
  3115 | D:5      | Found a staircase to the Ecumenical Temple.
  3161 | D:5      | Reached skill level 5 in Fighting
  3674 | D:6      | Reached skill level 6 in Unarmed Combat
  3705 | D:6      | Noticed Sigmund
  3715 | D:6      | Killed Sigmund
  3716 | D:6      | Reached XP level 8. HP: 81/81 MP: 8/8
  3738 | D:6      | Found a broken altar of Ashenzari.
  4295 | D:6      | Reached skill level 1 in Evocations
  4438 | D:6      | Reached skill level 7 in Unarmed Combat
  4799 | D:7      | Reached XP level 9. HP: 92/92 MP: 9/9
  5073 | D:7      | Found Tuypeur's Firing Range.
  5460 | D:8      | Reached skill level 8 in Unarmed Combat
  5486 | D:8      | Found a staircase to the Lair.
  5722 | D:8      | Found Wuwet's Book Emporium.
  6047 | D:8      | Found a hide-covered altar of Uskayaw.
  6336 | D:8      | Reached XP level 10. HP: 33/102 MP: 10/10
  6623 | D:9      | Reached skill level 1 in Shields
  6735 | D:9      | Noticed Maurice
  6743 | D:9      | Killed Maurice
  6778 | D:9      | Reached skill level 5 in Throwing
  6791 | D:9      | Reached skill level 1 in Dodging
  6791 | D:9      | Reached skill level 9 in Unarmed Combat
  7208 | Lair:1   | Entered Level 1 of the Lair of Beasts
  7398 | Lair:1   | Noticed a cane toad
  7412 | Lair:1   | Killed a cane toad
  7615 | Lair:1   | Noticed a black mamba
  7619 | Lair:1   | Killed a black mamba
  7762 | Lair:1   | Reached skill level 10 in Unarmed Combat
  7764 | Lair:1   | Reached XP level 11. HP: 77/111 MP: 11/11
  8483 | Lair:1   | Reached skill level 5 in Evocations
  8660 | Lair:2   | Noticed a bog body
  8664 | Lair:2   | Killed a bog body
  8892 | Lair:2   | Noticed Maggie
  8899 | Lair:2   | Killed Maggie
  9522 | Lair:2   | Found a staircase to the Swamp.
  9687 | Lair:2   | Learned a level 5 spell: Lee's Rapid Deconstruction
  9801 | Lair:3   | Noticed an oklob plant
  9904 | Lair:3   | Noticed a death yak
  9921 | Lair:3   | Noticed a death yak
  9922 | Lair:3   | Noticed a death yak
  9933 | Lair:3   | Killed a death yak
  9956 | Lair:3   | Killed a death yak
 10018 | Lair:3   | Killed a death yak
 10155 | Lair:3   | Reached XP level 12. HP: 93/122 MP: 12/12
 10345 | Lair:3   | Noticed a six-headed hydra
 10359 | Lair:3   | Killed a six-headed hydra
 10465 | Lair:3   | Noticed Urug
 10481 | Lair:3   | Killed Urug
 10482 | Lair:3   | Reached skill level 11 in Unarmed Combat
 10756 | Lair:4   | Found a staircase to the Snake Pit.
 11176 | Temple   | Entered the Ecumenical Temple
 11365 | Temple   | Fell from the grace of Ignis
 11365 | Temple   | Became a worshipper of Cheibriados the Contemplative
 11623 | Lair:4   | Reached skill level 5 in Shields
 11827 | Lair:4   | You fall into a shaft and drop 2 floors!
 11827 | Lair:6   | Entered Level 6 of the Lair of Beasts
 11830 | Lair:6   | Noticed a five-headed hydra
 11838 | Lair:6   | Noticed an eight-headed hydra
 11839 | Lair:6   | Found a burning altar of Makhleb.
 11846 | Lair:6   | Noticed a five-headed hydra
 11846 | Lair:6   | Noticed a seven-headed hydra
 11863 | Lair:6   | Reached * piety under Cheibriados
 11997 | Lair:6   | Killed a seven-headed hydra
 11998 | Lair:6   | Reached skill level 10 in Fighting
 12051 | Lair:5   | Noticed a death yak
 12051 | Lair:5   | Noticed a death yak
 12051 | Lair:5   | Noticed a death yak
 12051 | Lair:5   | Noticed a death yak
 12051 | Lair:5   | Noticed a death yak
 12075 | Lair:6   | HP: 4/126 [nine-headed hydra (8)]
 12076 | Lair:6   | Slain by a nine-headed hydra

Illustrated notes

Levels and vault maps discovered:
D:1:      shiori_arrival_oz, layout_rooms
D:2:      layout_loops_corners, chequers_serial_rivers_small_3
D:3:      layout_basic
D:4:      layout_gridville
D:5:      layout_basic, minmay_temple_entry_glassed_door
D:6:      layout_basic, mainiacjoe_overflow_boulevard, uniq_sigmund
D:7:      layout_basic, minivault_11, minmay_misc_feat_enclosed,
          nicolae_shop_firing_range
D:8:      layout_loops_ring, nicolae_uskayaw_suspiria, dpeg_oklobed_lair,
          serial_shops, shop, kennysheep_generic_room_15
D:9:      layout_rooms, special_room [special_room_orc], uniq_maurice
Temple:   mainiacjoe_temple_cubbyholes
Lair:1:   layout_long_grid, lemuel_fruit_tree, grunt_megastairs_5
Lair:2:   wad_woods_minihive, layout_hall_layers,
          nicolae_swamp_entry_splash_gauntlet, uniq_maggie
Lair:3:   layout_chaotic_city, uniq_urug
Lair:4:   layout_cave_pods, guppyfry_snake_entry_garden,
          grunt_forest_stairs_clearing
Lair:5:   layout_regular_city, slime_altar_1, grunt_megastairs_4
Lair:6:   evil_forest, layout_hall_layers, lemuel_old_faithful,
          lemuel_fruit_fields

Skill      XL: |  1  2  3  4  5  6  7  8  9 10 11 12 |
---------------+-------------------------------------+-----
Fighting       | 3 4 5 6 7 8 10 | 10.0
Unarmed Combat | 4 5 6 7 8 10 11 | 11.7
Throwing       | 1 2 3 4 5 6 |  6.7
Transmutations | 1 2 3 4 |  4.1
Evocations     | 1 2 4 6 |  6.0
Shields        | 2 4 5 |  5.3
Dodging        | 1 3 4 |  4.9
Spellcasting   | |  1.0
Fire Magic     | |  2.1

Action                   |  1- 3 |  4- 6 |  7- 9 | 10-12 || total
-------------------------+-------+-------+-------+-------++-------
Melee: Unarmed           |    97 |   121 |   240 |   482 ||   940
       Punch             |     3 |       |     4 |     1 ||     8
       Kick              |       |       |     1 |       ||     1
       Dagger            |       |       |       |     3 ||     3
 Fire: Hunting sling     |       |       |     8 |       ||     8
Throw: Dart              |       |     8 |    39 |    51 ||    98
       Boomerang         |       |       |    25 |    98 ||   123
 Cast: Scorch            |       |     1 |     2 |       ||     3
       Beastly Appendage |       |       |     2 |       ||     2
Invok: Foxfire Swarm     |       |       |     1 |     5 ||     6
       Rising Flame      |       |       |       |     1 ||     1
       Sea of Fire       |       |       |       |     1 ||     1
Evoke: Wand              |       |       |     1 |    19 ||    20
       Piece from Xom's  |       |       |       |     3 ||     3
  Use: Scroll            |       |       |     5 |    10 ||    15
       Potion            |       |       |       |     7 ||     7
 Stab: Paralysed         |       |       |       |    14 ||    14
Armor: Robe              |    27 |    33 |    38 |       ||    98
       Steam dragon scal |       |       |    24 |    74 ||    98
       Swamp dragon scal |       |       |       |   130 ||   130
Dodge: Dodged            |    44 |    47 |   115 |   221 ||   427
Block: Kite shield       |       |       |    10 |   155 ||   165

Table legend: (Time is in decaauts)
 A = Elapsed time spent in this place.
 B = Non-inter-level travel time spent in this place.
 C = Inter-level travel time spent in this place.
 D = Time resting spent in this place.
 E = Time spent auto-exploring this place.
 F = Levels seen in this place.
 G = Mean time per level.
                   A        B        C        D        E       F      G
               +--------+--------+--------+--------+--------+-----+--------+
         Total |  12217 |  11492 |    725 |    642 |   7947 |  16 |  763.6 |
       Dungeon |   7405 |   6952 |    453 |    191 |   5236 |   9 |  822.8 |
        Temple |    228 |    189 |     39 |      0 |    173 |   1 |  228.0 |
          Lair |   4583 |   4350 |    233 |    450 |   2538 |   6 |  763.8 |
               +--------+--------+--------+--------+--------+-----+--------+

Top non-repeatable levels by time:
  Lair:2: 1425 daAuts
  Lair:1: 1248 daAuts
     D:8: 1222 daAuts
  Lair:3: 1055 daAuts
     D:2: 979 daAuts
     D:5: 968 daAuts
     D:7: 864 daAuts
     D:6: 835 daAuts
     D:9: 737 daAuts
     D:3: 716 daAuts
     D:4: 593 daAuts
  Lair:4: 580 daAuts
     D:1: 489 daAuts
  Lair:6: 272 daAuts
  Temple: 228 daAuts
